 Dungeon Crawl Stone Soup version 0.25-a0-803-g58bd18402a (webtiles) character file.

Game seed: 11006050296009855214, levelgen mode: deterministic

102 DerDa the Firebug (level 4, 0/30 HPs)
             Began as a Demonspawn Fire Elementalist on Apr 19, 2020.
             Succumbed to an adder's poison
             ... in a sewer.
             The game lasted 00:05:18 (1892 turns).

DerDa the Firebug (Demonspawn Fire Elementalist)    Turns: 1892, Time: 00:05:18

Health: 0/30       AC:  2    Str:  9    XL:     4   Next: 50%
Magic:  8/8        EV: 12    Int: 17    God:
Gold:   110        SH:  4    Dex: 17    Spells: 4/9 levels left

rFire    + . .     SeeInvis .   i - +0 whip
rCold    + . .     Gourm    .   (no shield)
rNeg     . . .     Faith    .   a - +0 robe
rPois    +         Spirit   .   (no helmet)
rElec    +         Reflect  .   (no cloak)
rCorr    +         Harm     .   (no gloves)
MR       .....                  (no boots)
Stlth    ++........             (no amulet)
HPRegen  0.10/turn              j - +4 ring of dexterity
MPRegen  0.11/turn              (no ring)

@: lethally poisoned (0 -> -3), resistant, very slow
A: large bone plates 1, nightstalker 1
a: no special abilities


You were in a sewer.
You were hungry.

You visited 1 branch of the dungeon, and saw 3 of its levels.
You also visited: Sewer.

You collected 110 gold pieces.

Inventory:

Hand Weapons
 i - a +0 whip (weapon)
Armour
 a - a +0 robe (worn)
Jewellery
 j - a +4 ring of dexterity (left hand)
Scrolls
 b - 4 scrolls of teleportation
 l - a scroll of fear
Potions
 g - a potion of invisibility
 k - a potion of flight
Comestibles
 c - 8 rations
 d - 3 chunks of flesh


   Skills:
 - Level 1.7 Dodging
 - Level 1.7 Stealth
 * Level 3.0 Spellcasting
 * Level 2.6 Conjurations
 * Level 3.5 Fire Magic


You had 4 spell levels left.
You knew the following spells:

 Your Spells              Type           Power        Failure   Level  Hunger
a - Foxfire               Conj/Fire      ##..         4%          1    None
b - Sticky Flame          Conj/Fire      ##......     43%         4    ####...

Your spell library contained the following spells:

 Spells                   Type           Power        Failure   Level  Hunger
 Conjure Flame            Conj/Fire      ##......     14%         3    ###....
 Inner Flame              Hex/Fire       #.......     26%         3    ###....
 Fireball                 Conj/Fire      ##........   80%         5    ######.


Dungeon Overview and Level Annotations

Branches:
Dungeon (3/15)              Sewer (1/1)

Altars:
Gozag

Annotations:
D:2 Sigmund


Innate Abilities, Weirdness & Mutations

You are partially covered in large bone plates. (SH +4)
You are slightly more attuned to the shadows.


Message History

You feel sick.
You feel protected.
* * * LOW HITPOINT WARNING * * *
You feel sick.
There is a lethal amount of poison in your body!
* * * LOW HITPOINT WARNING * * *
You feel sick.
* * * LOW HITPOINT WARNING * * *
You feel sick.
There is a lethal amount of poison in your body!
* * * LOW HITPOINT WARNING * * *
You feel sick.
* * * LOW HITPOINT WARNING * * *
You feel sick.
* * * LOW HITPOINT WARNING * * *
You feel sick.
* * * LOW HITPOINT WARNING * * *
You feel sick.
You are feeling hungry.
You die...

..≈≈..≈.≈≈≈≈# ...∩...≈.≈≈.#
≈.....≈..≈≈≈# ≈≈.∩.≈....≈≈#
≈..≈≈.≈.≈.≈≈## ####
≈..≈...≈≈≈≈..## #####.≈≈≈.
≈≈.≈...≈##≈..≈####≈.≈.≈#
≈≈.≈..≈####.≈≈.≈≈≈≈###≈≈≈≈.
.≈.≈≈≈.# #.≈≈≈≈@≈≈# ####
≈.≈≈≈≈≈≈ ##≈≈≈≈≈≈≈#
#######≈≈.≈ #####≈


There were no monsters in sight!

Vanquished Creatures
  Natasha (D:2)
  3 adders
  2 oozes
  4 worms
  2 leopard geckos
  3 giant cockroaches
  2 goblins
  2 hobgoblins
  4 frilled lizards
  5 kobolds
  10 rats
38 creatures vanquished.

Vanquished Creatures (others)
  100 foxfires
100 creatures vanquished.

Grand Total: 138 creatures vanquished

Notes
Turn   | Place    | Note
-------+----------+-------------------------------------------
     0 | D:1      | DerDa the Demonspawn Fire Elementalist began the quest for
                  | the Orb.
     0 | D:1      | Reached XP level 1. HP: 13/13 MP: 3/3
   350 | D:1      | Gained mutation: You are partially covered in large bone
                  | plates. (SH +4) [demonic ancestry]
   350 | D:1      | Reached XP level 2. HP: 19/19 MP: 1/5
   841 | D:2      | Found an opulent altar of Gozag.
   944 | D:2      | Reached XP level 3. HP: 17/24 MP: 1/6
   962 | D:2      | Noticed Sigmund
  1306 | D:2      | Noticed Natasha
  1312 | D:2      | Killed Natasha
  1312 | D:2      | Gained mutation: You are slightly more attuned to the
                  | shadows. [demonic ancestry]
  1312 | D:2      | Reached XP level 4. HP: 30/30 MP: 1/8
  1672 | D:2      | Learned a level 4 spell: Sticky Flame
  1767 | D:3      | Found a glowing drain.
  1807 | Sewer    | Entered a sewer
  1889 | Sewer    | HP: 1/30 [poisoned by an adder]
  1892 | Sewer    | Succumbed to an adder's poison

Levels and vault maps discovered:
D:1:      dpeg_arrival_refuge, layout_basic
D:2:      minmay_diamond_boxcup, layout_loops_ring, grunt_gozag_statues,
          uniq_natasha, uniq_sigmund
D:3:      layout_loops_cross, cheibrodos_sewer_entry_sluice, first_ration
Sewer:    sewer_co_tree

Skill      XL: |  1  2  3  4 |
---------------+-------------+-----
Fire Magic     | 3 |  3.5
Conjurations   | 2 |  2.6
Spellcasting   | 3 |  3.0
Dodging        | |  1.7
Stealth        | |  1.7

Action                   |  1- 3 |  4- 6 || total
-------------------------+-------+-------++-------
Melee: Unarmed           |     8 |       ||     8
       Whip              |    12 |     2 ||    14
 Cast: Foxfire           |    47 |    17 ||    64
  Use: Scroll            |     5 |     1 ||     6
       Potion            |       |     1 ||     1
  Eat: Chunk             |     2 |     1 ||     3
Armor: Robe              |     3 |     2 ||     5
Dodge: Dodged            |    12 |     2 ||    14
Block: Other             |     4 |     2 ||     6

Table legend:
 A = Non-vault XP
 B = Vault XP
 C = Vault XP percentage of total XP
 D = Non-vault monster count
 E = Vault monster count
 F = Vault count percentage of total count
                 A         B        C        D         E       F
            +---------+---------+-------+---------+---------+-------
      Total |      54 |      93 |  63.3 |      23 |      15 |  39.5
            +---------+---------+-------+---------+---------+-------
        D:1 |      19 |       0 |   0.0 |      14 |       0 |   0.0
        D:2 |      35 |      59 |  62.8 |       9 |      10 |  52.6
        D:3 |       0 |      15 | 100.0 |       0 |       3 | 100.0
      Sewer |       0 |      19 | 100.0 |       0 |       2 | 100.0
            +---------+---------+-------+---------+---------+-------
